 Dungeon Crawl Stone Soup version 0.30.1-11-g7821555f0a (webtiles) character file.

Game seed: 9620023683573275801

15687 Kallu the Severer (level 12, -3/118 HPs)
             Began as a Hill Orc Fighter on Dec 20, 2023.
             Was a High Priest of Uskayaw.
             Killed from afar by a raiju (10 damage)
             ... with a living lightning
             ... on level 3 of the Abyss.
             The game lasted 00:37:24 (10915 turns).

Kallu the Severer (Hill Orc Fighter)               Turns: 10915, Time: 00:37:24

Health: -3/118     AC: 19    Str: 24      XL:     12   Next: 29%
Magic:  12/18      EV:  8    Int:  8      God:    Uskayaw [*****.]
Gold:   382        SH:  5    Dex:  9 (10) Spells: 11/11 levels left

rFire   + + .        a - +2 broad axe (flame)
rCold   . . .        (no shield)
rNeg    . . .        p - +1 chain mail {rF+}
rPois   .            r - +2 helmet
rElec   .            H - +0 cloak
rCorr   .            k - +2 pair of gloves
SInv    .            (no boots)
Will    .....        g - amulet of reflection Stlth
                     w - ring of protection from fire
HPRegen 0.39/turn    (no ring)
MPRegen 0.16/turn

%: reflection
@: no status effects
A: no striking features
a: Renounce Religion, Stomp, Line Pass, Grand Finale


You were on level 3 of the Abyss.
You worshipped Uskayaw.
Uskayaw was aware of your devotion.
You visited 3 branches of the dungeon, and saw 12 of its levels.
You visited the Abyss 1 time.
You also visited: Ossuary and Volcano.

You collected 604 gold pieces.
You spent 222 gold pieces at shops.

Inventory:

Hand Weapons
 a - a +2 broad axe of flaming (weapon)
 b - a +1 heavy battleaxe
Missiles
 h - 25 poisoned darts
 n - 5 curare-tipped darts (quivered)
 B - 6 javelins
 C - a throwing net
Armour
 k - a +2 pair of gloves (worn)
 p - a +1 chain mail of fire resistance (worn)
 r - a +2 helmet (worn)
 H - a +0 cloak (worn)
Jewellery
 g - an amulet of reflection (around neck)
 w - a ring of protection from fire (left hand)
Wands
 e - a wand of flame (7)
 q - a wand of mindburst (5)
 G - a wand of acid (4)
Scrolls
 j - a scroll of immolation
 l - 7 scrolls of teleportation
 y - a scroll of fog
 D - 2 scrolls of enchant weapon
 F - a scroll of enchant armour
Potions
 d - 2 potions of might
 f - 3 potions of flight
 i - a potion of haste {unknown}
 m - 2 potions of cancellation
 o - 2 potions of heal wounds
 s - 2 potions of mutation
 t - 2 potions of invisibility
 v - a potion of curing
 x - a potion of ambrosia
 E - 2 potions of brilliance {unknown}
Miscellaneous
 c - a phantom mirror (inert)
 A - a tin of tremorstones (1/2)


   Skills:
 + Level 14.9 Fighting
 + Level 16.4 Axes
 + Level 7.7 Armour
 - Level 3.2 Shields
 - Level 8.0 Invocations


You had 11 spell levels left.
You didn't know any spells.
Your spell library contained the following spells:

 Spells                   Type           Power      Damage    Failure   Level
 Slow                     Hex            0%         N/A       90%         1
 Sting                    Tmut/Pois      0%         1d3       90%         1
 Poisonous Vapours        Pois/Air       0%         N/A       97%         2
 Call Canine Familiar     Summ           0%         N/A       99%         3
 Confusing Touch          Hex            0%         N/A       99%         3
 Frozen Ramparts          Ice            0%         1d1       99%         3
 Mephitic Cloud           Conj/Pois/Air  0%         N/A       99%         3
 Portal Projectile        Hex/Tloc       0%         N/A       99%         3
 Vampiric Draining        Necr           0%         2d6       99%         3
 Leda's Liquefaction      Hex/Erth       0%         N/A       100%        4
 Alistair's Intoxication  Tmut/Pois      0%         N/A       100%        5
 Freezing Cloud           Conj/Ice/Air   0%         6-21      100%        5
 Ozocubu's Refrigeration  Ice            0%         4d7       100%        7


Dungeon Overview and Level Annotations

Branches:
Dungeon (10/15)            Temple (1/1) D:5            Lair (1/5) D:9
    Orc (0/2) D:9         Ossuary (visited)         Volcano (visited)

Altars:
Ashenzari
Cheibriados
Dithmenos
Elyvilon
Fedhas
Gozag
Hepliaklqana
Kikubaaqudgha
Makhleb
Nemelex Xobeh
Okawaru
Qazlal
Ru
Sif Muna
Trog
Uskayaw
Wu Jian
Xom
Yredelemnul
The Shining One

Shops:
D:8 (


Message History

The thrashing horror seems to grow stronger.
Unknown command.
Unknown command.
You closely miss the thrashing horror.
The thrashing horror is severely damaged.
You block the thrashing horror's attack.
The thrashing horror tramples you but does no damage.
A starcursed mass splits.
You feel much better.
You block the thrashing horror's attack.
The thrashing horror barely misses you.
The starcursed mass touches the bush.
A starcursed mass splits.
The thrashing horror tramples the bush but does no damage.
The thrashing horror tramples the bush!
Unknown command.
You stomp with the beat, sending a shockwave through the revellers around you!
The thrashing horror is almost destroyed.
The thrashing horror barely misses you. The thrashing horror tramples you!
* * * LOW HITPOINT WARNING * * *
You hold your ground!
The starcursed mass touches the bush!
The thrashing horror tramples you.
* * * LOW HITPOINT WARNING * * *
You stumble backwards!
A raiju comes into view.
A starcursed mass splits. x2
A deafening chorus of shrieks assaults your mind!
* * * LOW HITPOINT WARNING * * *
You suddenly lose the ability to move!
You can move again.
Unknown command.
You stomp with the beat, sending a shockwave through the revellers around you!
You destroy the thrashing horror!
The starcursed mass is moderately damaged.
The starcursed mass shudders and is absorbed by its neighbour.
A deafening chorus of shrieks assaults your mind!
* * * LOW HITPOINT WARNING * * *
A raiju comes into view.
The raiju bursts into living lightning!
The living lightning hits you!
You die...

. . . . .. ..#.
.... ...### . ##
## #... ## #.# .
..... . ####.#
.## .. . ...
#..@###..# ..
.......#..#..P#.#
.
.......hhX.##.#X#
.......
......#.#.#XX# .
..
......##...##X#
.P #......###...#
#.# .. . ...
#...## ... . ...
.. ..###. ##. ..
. . .. ... ._


You could see 5 starcursed masses and 2 raiju.

Vanquished Creatures
  A lich (Abyss:3)
  A tentacled starspawn (Abyss:2)
  A two-headed ogre (D:7)
  A dancing weapon (Volcano)
  A thrashing horror (Abyss:3)
  A fire crab (D:9)
  3 wizards (Volcano)
  3 large abominations
  A smoke demon (Abyss:3)
  4 toenail golems (Volcano)
  A black mamba (Lair:1)
  Psyche (D:8)
  A cane toad (D:9)
  A rime drake (Lair:1)
  An ancient zyme (Abyss:3)
  A hornet (D:6)
  5 blink frogs (Lair:1)
  A wraith (D:9)
  10 yaks (D:9)
  A ynoxinul (Abyss:3)
  A steam dragon (D:8)
  An acid dragon (D:9)
  A water moccasin (D:6)
  2 orc warriors (D:9)
  A black bear (D:7)
  An ice beast (D:6)
  2 sky beasts
  A centaur (D:8)
  2 small abominations
  A phantom (D:7)
  3 kobold brigands
  3 bullfrogs (D:7)
  3 scorpions
  2 gnoll sergeants (D:8)
  5 killer bees (D:8)
  A human zombie (Ossuary)
  7 hounds
  2 jellies
  A quasit (Abyss:3)
  A gnoll bouda (D:4)
  2 orc priests
  2 iguanas
  11 orc wizards
  A hound zombie (Ossuary)
  4 mummies (Ossuary)
  Robin (D:3)
  4 adders
  10 gnolls
  2 white imps
  An ufetubus (D:6)
  2 adder zombies (Ossuary)
  2 worms
  3 dart slugs
  27 orcs
  2 ball pythons
  5 endoplasms
  3 giant cockroaches
  A gnoll zombie (Ossuary)
  16 goblins
  18 hobgoblins
  2 jackals (D:1)
  27 kobolds
  5 quokkas
  7 bats
  3 frilled lizards
  2 goblin zombies (Ossuary)
  3 jackal zombies (Ossuary)
  A kobold zombie (Ossuary)
  An orc zombie (Ossuary)
  9 rats
  A starspawn tentacle (Abyss:2)
259 creatures vanquished.

Vanquished Creatures (collateral kills)
  A starspawn tentacle (Abyss:2)
1 creature vanquished.

Vanquished Creatures (others)
  An orc (D:3)
  A quokka (D:5)
  3 starspawn tentacles (Abyss:2)
5 creatures vanquished.

Grand Total: 265 creatures vanquished

Notes
Turn   | Place    | Note
-------+----------+-------------------------------------------
     0 | D:1      | Kallu the Hill Orc Fighter began the quest for the Orb.
     0 | D:1      | Reached XP level 1. HP: 19/19 MP: 1/1
    38 | D:1      | Reached skill level 3 in Axes
   188 | D:1      | Reached XP level 2. HP: 27/27 MP: 2/2
   498 | D:1      | Reached skill level 4 in Axes
   519 | D:1      | Reached XP level 3. HP: 31/33 MP: 3/3
  1551 | D:2      | Reached XP level 4. HP: 41/41 MP: 4/4
  1620 | D:2      | Reached skill level 5 in Axes
  1965 | D:3      | Noticed Robin
  2118 | D:3      | Killed Robin
  2168 | D:3      | Got the Papyrus of Icy Reformation
  2434 | D:3      | Reached XP level 5. HP: 47/47 MP: 5/5
  2857 | D:4      | Reached skill level 5 in Fighting
  2980 | D:4      | Reached skill level 6 in Axes
  3028 | D:4      | Found a sand-covered staircase.
  3044 | Ossuary  | Entered an ossuary
  3067 | Ossuary  | Reached XP level 6. HP: 38/57 MP: 6/6
  3406 | D:4      | Found a hide-covered altar of Uskayaw.
  3412 | D:4      | Became a worshipper of Uskayaw the Reveller
  3435 | D:4      | Reached * piety under Uskayaw
  3534 | D:4      | Reached ** piety under Uskayaw
  3538 | D:4      | Reached skill level 7 in Axes
  3538 | D:4      | Reached skill level 1 in Invocations
  3815 | D:5      | Entered Level 5 of the Dungeon
  3824 | D:5      | Found a white marble altar of Elyvilon.
  3849 | D:5      | Reached XP level 7. HP: 48/64 MP: 4/8
  3889 | D:5      | Found a staircase to the Ecumenical Temple.
  3968 | Temple   | Entered the Ecumenical Temple
  4225 | D:5      | Found a snail-covered altar of Cheibriados.
  4673 | D:5      | Reached *** piety under Uskayaw
  4887 | D:6      | Reached skill level 8 in Axes
  4992 | D:6      | Reached XP level 8. HP: 69/73 MP: 2/9
  5242 | D:6      | Found a stormy altar of Qazlal.
  5301 | D:6      | Noticed a hornet
  5330 | D:6      | Reached skill level 9 in Axes
  5330 | D:6      | Reached skill level 5 in Armour
  5358 | D:6      | Killed a hornet
  5867 | D:6      | Found a glowing golden altar of the Shining One.
  5972 | D:6      | Found a hazy altar of Hepliaklqana.
  6084 | D:7      | Reached skill level 10 in Axes
  6176 | D:7      | Reached XP level 9. HP: 61/84 MP: 10/10
  6284 | D:7      | Noticed a two-headed ogre
  6328 | D:7      | Killed a two-headed ogre
  6329 | D:7      | Reached skill level 10 in Fighting
  6329 | D:7      | Reached skill level 11 in Axes
  7596 | D:8      | Found Eseggaov's Weapon Boutique.
  7625 | D:8      | Reached skill level 12 in Axes
  7743 | D:8      | Bought a +2 broad axe of flaming for 192 gold pieces
  7743 | D:8      | Bought a throwing net for 30 gold pieces
  7858 | D:8      | Reached **** piety under Uskayaw
  7994 | D:8      | Reached XP level 10. HP: 95/96 MP: 8/12
  8029 | D:8      | Found a burning altar of Makhleb.
  8031 | D:8      | Found an opulent altar of Gozag.
  8073 | D:8      | Noticed Psyche
  8177 | D:8      | Killed Psyche
  8593 | D:9      | Reached skill level 13 in Axes
  8729 | D:9      | Found a staircase to the Lair.
  8730 | D:9      | Noticed a fire crab
  8762 | D:9      | Killed a fire crab
  8763 | D:9      | HP: 3/99 [something (21)]
  9263 | D:9      | Reached ***** piety under Uskayaw
  9482 | D:9      | Found a staircase to the Orcish Mines.
  9499 | D:9      | Reached skill level 14 in Axes
  9509 | D:9      | Reached skill level 5 in Invocations
  9782 | D:10     | Entered Level 10 of the Dungeon
  9908 | Lair:1   | Entered Level 1 of the Lair of Beasts
  9908 | Lair:1   | Noticed a black mamba
  9908 | Lair:1   | Noticed a cane toad
  9915 | D:9      | Killed a cane toad
  9916 | D:9      | Reached XP level 11. HP: 96/107 MP: 15/15
 10101 | Lair:1   | Found a dark tunnel.
 10130 | Lair:1   | Reached skill level 15 in Axes
 10219 | Volcano  | Entered a volcano
 10225 | Volcano  | Noticed a wizard
 10230 | Volcano  | Killed a wizard
 10250 | Volcano  | Noticed a wizard
 10258 | Volcano  | Killed a wizard
 10291 | Volcano  | Noticed a wizard
 10299 | Volcano  | Killed a wizard
 10369 | Volcano  | Noticed a +2 mace of flaming
 10378 | Volcano  | Killed a +2 mace of flaming
 10463 | Volcano  | Noticed a wizard
 10463 | Volcano  | Noticed a wizard
 10467 | Abyss:2  | Cast into level 2 of the Abyss (a wizard)
 10483 | Abyss:2  | Found a corrupted altar of Lugonu.
 10562 | Abyss:2  | Noticed a large abomination
 10572 | Abyss:2  | Killed a large abomination
 10575 | Abyss:2  | Noticed a great orb of eyes
 10589 | Abyss:2  | Noticed a red draconian
 10613 | Abyss:2  | Noticed a tentacled starspawn
 10622 | Abyss:2  | Killed a tentacled starspawn
 10623 | Abyss:2  | Reached XP level 12. HP: 70/118 MP: 16/18
 10689 | Abyss:3  | Reached skill level 16 in Axes
 10718 | Abyss:3  | Noticed a lich
 10733 | Abyss:3  | Killed a lich
 10773 | Abyss:3  | Noticed an angel
 10792 | Abyss:3  | Noticed a large abomination
 10804 | Abyss:3  | Killed a large abomination
 10890 | Abyss:3  | Noticed a starcursed mass
 10900 | Abyss:3  | Found a corrupted altar of Lugonu.
 10904 | Abyss:3  | Noticed a thrashing horror
 10909 | Abyss:3  | Noticed a starcursed mass
 10911 | Abyss:3  | Reached ****** piety under Uskayaw
 10914 | Abyss:3  | Paralysed by accursed screaming for 1 turns
 10915 | Abyss:3  | Killed a thrashing horror
 10915 | Abyss:3  | Killed from afar by a raiju

Illustrated notes

Levels and vault maps discovered:
D:1:      dpeg_arrival_connections, layout_loops_corners, minmay_cupped
D:2:      layout_loops_cross, minmay_statues_item
D:3:      layout_loops_cross, lemuel_flame_loot_1, uniq_robin
D:4:      layout_rooms, old_standard_altar, enter_ossuary_3,
          palyth_stone_intersect
D:5:      layout_loops_ring, lemuel_tele_altar, elyvilon_altar_4,
          minmay_temple_entry_drinking_statues, minmay_holes
D:6:      layout_rooms, nicolae_qazlal_beasts_of_the_sky, marbit_many_paths,
          worldfamousw_hep_ancestral_shrine, minmay_a_box_with_orc_wizards_in_it
D:7:      layout_loops_corners, minmay_fountain_box
D:8:      nicolae_cairo_tiling_large, layout_basic, jmf_multi_god_temple,
          serial_shops, shop, uniq_psyche
D:9:      layout_loops_ring, minmay_lair_entry_lava, orc_0_dummy
D:10:     layout_rooms, general_overflow_altar, overflow_temple_1_default,
          serial_shops, shop, ploomutoo_gammafunk_ghost_potion_laboratory,
          serial_nicolae_subway, nicolae_sub_station_crystal,
          nicolae_sub_station_stone, nicolae_sub_station_metal, uniq_nergalle,
          uniq_fannar, uniq_grum
Temple:   hellmonk_temple_flake
Lair:1:   statuecave_lemuel, layout_chaotic_city,
          nicolae_volcano_entry_lava_flow, grunt_megastairs_1
Abyss:3:  base: D:3, hangedman_summoners_spam, evilmike_abyss_exit_plants,
          minivault_4
Volcano:  volcano_bunker

Skill      XL: |  1  2  3  4  5  6  7  8  9 10 11 12 |
---------------+-------------------------------------+-----
Axes           | 3 4 5 6 7 8 10 12 14 15 16 | 16.4
Fighting       | 4 5 6 7 9 11 13 14 | 14.9
Invocations    | 2 3 5 8 |  8.0
Armour         | 4 5 6 7 |  7.7
Shields        | |  3.2

Action                     |  1- 3 |  4- 6 |  7- 9 | 10-12 || total
---------------------------+-------+-------+-------+-------++-------
  Melee: War axe           |   108 |   183 |   231 |       ||   522
         Punch             |     2 |     3 |       |     3 ||     8
         Broad axe         |       |       |    21 |   210 ||   231
         Unarmed           |       |       |       |     1 ||     1
  Throw: Dart              |       |     3 |    10 |       ||    13
         Throwing net      |       |       |     1 |       ||     1
         Javelin           |       |       |     2 |       ||     2
 Invoke: Stomp             |       |     2 |    14 |    10 ||    26
         Line Pass         |       |     1 |     1 |     2 ||     4
  Evoke: Wand              |       |       |    19 |     5 ||    24
         Tin of tremorston |       |       |     3 |     3 ||     6
         Phantom mirror    |       |       |       |     1 ||     1
    Use: Scroll            |       |     9 |     8 |    12 ||    29
         Potion            |       |       |     1 |    10 ||    11
   Stab: Paralysed         |       |       |     5 |    17 ||    22
         Confused          |       |       |     1 |     1 ||     2
 Armour: Scale mail        |    58 |   108 |     9 |       ||   175
         Chain mail        |       |       |   161 |    83 ||   244
         Robe              |       |       |       |     9 ||     9
  Dodge: Dodged            |    56 |   112 |   103 |    60 ||   331
  Block: Other             |       |       |     6 |    44 ||    50
